 Seeded DCSS version 0.30-a0-177-g1cb5dbfd7a (webtiles) character file.

Game seed: 20221001 (custom seed)

2926 a11behringer the Cleaver (level 9, 0/81 HPs)
             Began as a Minotaur Fighter on Oct 2, 2022.
             Was a Follower of Okawaru.
             Slain by a yak (8 damage)
             ... on level 6 of the Dungeon.
             The game lasted 00:13:29 (4480 turns).

a11behringer the Cleaver (Minotaur Fighter)         Turns: 4480, Time: 00:13:30

Health: 0/81       AC: 15    Str: 25    XL:     9   Next: 50%
Magic:  8/8        EV:  7    Int:  5    God:    Okawaru [*.....]
Gold:   503        SH:  5    Dex: 10    Spells: 8/8 levels left

rFire   . . .      SeeInvis .    a - +0 war axe
rCold   . . .      Faith    .    c - +0 buckler
rNeg    . . .      Spirit   .    o - +1 plate armour {Will+}
rPois   .          Reflect  .    (helmet restricted)
rElec   .          Harm     .    z - +0 cloak
rCorr   .          Rampage  .    (no gloves)
Will    +....                    (no boots)
Stlth   ..........               e - amulet of regeneration
HPRegen 1.13/turn                (no ring)
MPRegen 0.11/turn                (no ring)

@: no status effects
A: horns 2, retaliatory headbutt
a: Renounce Religion, Heroism


You were on level 6 of the Dungeon.
You worshipped Okawaru.
Okawaru was aware of your devotion.
You visited 2 branches of the dungeon, and saw 7 of its levels.

You collected 503 gold pieces.

Inventory:

Hand Weapons
 a - a +0 war axe (weapon)
 s - a +0 morningstar
 A - a +5 vorpal halberd
 D - the +6 whip of Werhemoi {flame, rElec rPois rF++ Int-3}
   (You found it on level 5 of the Dungeon)

   It burns those it strikes, dealing additional fire damage.
   Int:       It affects your intelligence (-3).
   rF:        It greatly protects you from fire.
   rElec:     It insulates you from electricity.
   rPois:     It protects you from poison.
 H - a +0 whip of freezing
 J - a +0 sling
Missiles
 h - 4 atropa-tipped darts (quivered)
 u - 4 javelins
 y - 3 throwing nets
Armour
 b - a +0 scale mail
 c - a +0 buckler (worn)
 j - a +0 plate armour
 o - a +1 plate armour of willpower (worn)
 z - a +0 cloak (worn)
Jewellery
 e - an amulet of regeneration (around neck)
 n - an amulet of reflection
Wands
 f - a wand of light (12)
 t - a wand of charming (13)
Scrolls
 g - 5 scrolls of teleportation
 k - 5 scrolls of magic mapping
 x - a scroll of fear {unknown}
 B - a scroll of vulnerability {unknown}
 E - a scroll of poison {unknown}
 F - a scroll of blinking
 G - a scroll of noise {unknown}
Potions
 d - a potion of might
 i - a potion of lignification {unknown}
 l - 3 potions of degeneration
 m - 5 potions of curing
 p - a potion of resistance
 q - a potion of berserk rage {unknown}
 r - 3 potions of haste {unknown}
 v - a potion of mutation {unknown}
 w - 2 potions of flight {unknown}
 C - a potion of invisibility {unknown}
 I - a potion of heal wounds {unknown}


   Skills:
 + Level 8.0 Fighting
 * Level 10.3 Axes
 + Level 8.0 Armour
 + Level 8.0 Shields


You had 8 spell levels left.
You didn't know any spells.
Your spell library contained the following spells:

 Spells                   Type           Power      Damage    Failure   Level
 Freeze                   Ice            0%         1d3       100%        1
 Sandblast                Erth           0%         2d4       100%        1
 Slow                     Hex            0%         N/A       100%        1
 Passwall                 Tmut/Erth      0%         N/A       100%        2
 Sublimation of Blood     Necr           0%         N/A       100%        2
 Confusing Touch          Hex            0%         N/A       100%        3
 Frozen Ramparts          Ice            0%         1d1       100%        3
 Hailstorm                Conj/Ice       0%         3d3       100%        3
 Ignite Poison            Fire/Tmut/Pois 0%         N/A       100%        3
 Kindle Blastsparks       Fire/Tloc/Air  0%         2d10      100%        3
 Mephitic Cloud           Conj/Pois/Air  0%         N/A       100%        3
 Stone Arrow              Conj/Erth      0%         3d7       100%        3
 Vampiric Draining        Necr           0%         2d6       100%        3
 Petrify                  Tmut/Erth      0%         N/A       100%        4
 Freezing Cloud           Conj/Ice/Air   0%         6-21      100%        5
 Irradiate                Conj/Tmut      0%         3d11      100%        5


Dungeon Overview and Level Annotations

Branches:
Dungeon (6/15)             Temple (1/1) D:6

Altars:
Ashenzari
Cheibriados
Dithmenos
Makhleb
Nemelex Xobeh
Okawaru
Qazlal
Ru
Sif Muna
Uskayaw
Vehumet
Wu Jian
The Shining One

Shops:
D:2 :=


Innate Abilities, Weirdness & Mutations

You have a pair of horns on your head.
You reflexively headbutt those who attack you in melee.


Message History

You slash the yak! You barely miss the yak. The yak gores you!
You block the yak's attack. The yak gores you but does no damage.
You are too injured to fight recklessly!
You are too injured to fight recklessly!
Unknown command.
You are too injured to fight recklessly!
You are too injured to fight recklessly!
You slash the yak! You headbutt the yak, but do no damage.
The yak is severely wounded.
You barely miss the yak. x2; The yak barely misses you. x2
The yak closely misses you.
You slice the yak!!
You kill the yak!
Okawaru accepts your kill.
You can now gain great but temporary skills.
You hit the yak. You hit the yak but do no damage. The yak gores you!
The yak gores you.
* * * LOW HITPOINT WARNING * * *
Your Fighting skill increases to level 8!
Your Armour skill increases to level 8!
Your Shields skill increases to level 8!
You hit the yak but do no damage.
The yak is moderately wounded.
You completely miss the yak. The yak gores you but does no damage.
The yak gores you!
* * * LOW HITPOINT WARNING * * *
You barely miss the yak. You headbutt the yak.
The yak is heavily wounded.
You hit the yak. The yak gores you!
* * * LOW HITPOINT WARNING * * *
The yak gores you but does no damage.
You slash the yak! You headbutt the yak.
The yak is almost dead.
You hit the yak. The yak gores you.
* * * LOW HITPOINT WARNING * * *
The yak gores you.
* * * LOW HITPOINT WARNING * * *
The yak attacks as you move away! The yak gores you but does no damage.
The yak attacks as you move away! The yak gores you!
You die...

######..##..##...
###..###.....#
#######....# ...#..
..##### #.........##
.###
.......#..###..>.## ##
....... ##...# .......
####..###.. .......
####.........#
.......##.Y@....######
......†#Y........#
..................#
.......$..........#
..................#
.......#.........##
#########...#...##
#########


You could see 2 yaks.

Vanquished Creatures
  Pikel (D:6)
  A manticore (D:6)
  Sigmund (D:5)
  4 yaks (D:6)
  Menkaure (D:5)
  A water moccasin (D:6)
  Duvessa (D:5)
  A black bear (D:5)
  Blork the orc (D:6)
  A scorpion (D:5)
  A gnoll sergeant (D:5)
  A necrophage (D:4)
  Dowan (D:5)
  An orc priest (D:4)
  6 hounds
  2 iguanas
  2 orc wizards (D:4)
  11 gnolls
  9 adders
  A shadow imp (D:5)
  A white imp (D:6)
  A worm (D:3)
  A dart slug (D:1)
  15 orcs
  4 ball pythons
  5 bats
  7 endoplasms
  13 giant cockroaches (D:2)
  4 goblins
  5 hobgoblins
  4 kobolds
  3 quokkas
  2 frilled lizards (D:3)
  7 rats
120 creatures vanquished.

Vanquished Creatures (others)
  An orc wizard (D:4)
1 creature vanquished.

Grand Total: 121 creatures vanquished

Notes
Turn   | Place    | Note
-------+----------+-------------------------------------------
     0 | D:1      | a11behringer the Minotaur Fighter began the quest for the
                  | Orb.
     0 | D:1      | Reached XP level 1. HP: 19/19 MP: 0/0
    70 | D:1      | Found a faded altar of an unknown god.
   125 | D:1      | Reached XP level 2. HP: 25/27 MP: 1/1
   147 | D:1      | Reached skill level 3 in Axes
   463 | D:1      | Reached XP level 3. HP: 33/33 MP: 2/2
   867 | D:2      | Found Sooxtonn's Book Shop.
  1239 | D:2      | Found Muxteh's Jewellery Shoppe.
  1641 | D:3      | Reached XP level 4. HP: 40/40 MP: 3/3
  1763 | D:3      | Found a stormy altar of Qazlal.
  2173 | D:3      | Reached skill level 4 in Axes
  2385 | D:4      | Reached XP level 5. HP: 47/47 MP: 4/4
  2451 | D:4      | Reached skill level 5 in Axes
  2507 | D:4      | Reached XP level 6. HP: 55/55 MP: 5/5
  2627 | D:4      | Found a snail-covered altar of Cheibriados.
  2653 | D:4      | Reached skill level 5 in Fighting
  2653 | D:4      | Reached skill level 5 in Armour
  2653 | D:4      | Reached skill level 5 in Shields
  2742 | D:4      | Found a sparkling altar of Nemelex Xobeh.
  2856 | D:4      | Found a radiant altar of Vehumet.
  2857 | D:4      | Found a glowing golden altar of the Shining One.
  3095 | D:5      | Entered Level 5 of the Dungeon
  3107 | D:5      | Noticed Duvessa
  3113 | D:5      | Noticed Dowan
  3122 | D:5      | Killed Duvessa
  3123 | D:5      | Reached skill level 6 in Axes
  3123 | D:5      | Reached XP level 7. HP: 55/61 MP: 6/6
  3128 | D:5      | Killed Dowan
  3341 | D:5      | Noticed Sigmund
  3343 | D:5      | Found an ornate altar of the Wu Jian Council.
  3351 | D:5      | Killed Sigmund
  3352 | D:5      | Reached skill level 7 in Axes
  3503 | D:5      | Reached XP level 8. HP: 70/70 MP: 7/7
  3616 | D:5      | Identified the +6 whip of Werhemoi {flame, rElec rPois rF++
                  | Int-3}
  4126 | D:5      | Noticed Menkaure
  4134 | D:5      | Killed Menkaure
  4135 | D:5      | Reached skill level 8 in Axes
  4194 | D:6      | Noticed Pikel
  4198 | D:6      | Noticed a manticore
  4213 | D:6      | Killed Pikel
  4227 | D:6      | Killed a manticore
  4228 | D:6      | Reached skill level 9 in Axes
  4228 | D:6      | Reached XP level 9. HP: 33/79 MP: 8/8
  4358 | D:6      | Noticed Blork the orc
  4370 | D:6      | Killed Blork the orc
  4417 | D:6      | Found a staircase to the Ecumenical Temple.
  4435 | Temple   | Entered the Ecumenical Temple
  4441 | Temple   | Became a worshipper of Warmaster Okawaru
  4467 | D:6      | Reached skill level 10 in Axes
  4472 | D:6      | Reached * piety under Okawaru
  4475 | D:6      | HP: 3/81 [yak (3)]
  4480 | D:6      | Slain by a yak

Illustrated notes

Levels and vault maps discovered:
D:1:      scummos_arrival_checkerplants, layout_basic,
          chequers_ecumenical_altar_simple_redux, minmay_rat_gold_closets
D:2:      minmay_roachtagon, layout_loops_ring, serial_shops,
          nicolae_square_shop, shop
D:3:      layout_loops_ring, amcnicky_altar_gilded
D:4:      layout_basic, mainiacjoe_overflow_concentric_impassable,
          cheibriados_altar_1, nicolae_overflow_squiral
D:5:      layout_cave_pods, mainiacjoe_overflow_tiny_flanked,
          kennysheep_generic_room_3, uniq_duvessa, uniq_menkaure, uniq_sigmund
D:6:      layout_rooms, zin_statuary, lemuel_crystal_altar,
          minmay_temple_entry_offerings, uniq_pikel, uniq_blork_the_orc
Temple:   hellmonk_temple_two_chambers

Skill      XL: |  1  2  3  4  5  6  7  8  9 |
---------------+----------------------------+-----
Axes           | 3 4 5 6 7 9 10 | 10.3
Fighting       | 4 5 6 7 8 |  8.0
Armour         | 4 5 6 7 8 |  8.0
Shields        | 4 5 6 7 8 |  8.0

Action                   |  1- 3 |  4- 6 |  7- 9 || total
-------------------------+-------+-------+-------++-------
Melee: War axe           |    97 |   131 |    99 ||   327
       Headbutt          |     5 |    12 |    32 ||    49
       Whip              |       |       |    29 ||    29
  Use: Scroll            |     5 |     3 |       ||     8
       Potion            |       |     1 |       ||     1
Armor: Scale mail        |    15 |       |       ||    15
       Plate armour      |    38 |    96 |   114 ||   248
Dodge: Dodged            |    29 |    47 |    62 ||   138
Block: Buckler           |    21 |    24 |    48 ||    93

Table legend: (Time is in decaauts)
 A = Elapsed time spent in this place.
 B = Non-inter-level travel time spent in this place.
 C = Inter-level travel time spent in this place.
 D = Time resting spent in this place.
 E = Time spent auto-exploring this place.
 F = Levels seen in this place.
 G = Mean time per level.
                   A        B        C        D        E       F      G
               +--------+--------+--------+--------+--------+-----+--------+
         Total |   4564 |   4327 |    237 |      0 |   3437 |   7 |  652.0 |
       Dungeon |   4552 |   4325 |    227 |      0 |   3437 |   6 |  758.7 |
        Temple |     12 |      2 |     10 |      0 |      0 |   1 |   12.0 |
               +--------+--------+--------+--------+--------+-----+--------+

Top non-repeatable levels by time:
     D:5: 1043 daAuts
     D:4: 885 daAuts
     D:2: 835 daAuts
     D:1: 793 daAuts
     D:3: 714 daAuts
     D:6: 279 daAuts
  Temple: 12 daAuts
